Map: Port Aleksander LE

Players

Enterprise - Winner!

  • Race: Zerg Zerg
  • League: Master
  • Spawn Location: 11:00

MUSTARDTIGER

  • Race: Terran Terran
  • League: Silver
  • Spawn Location: 5:00

VOD

Have the link to the VOD?

Description

Time

  • Played on: March 28, 2019, 10:14 p.m.
  • Length: 9:48
Show
View Real Time Build Order
Export as new Build Order

Enterprise Zerg - Winner!

Build Orders: Hatch First 

Get SALT Encoding   

  12  0:01  Drone  
  13  0:13  Overlord  
  13  0:18  Drone  
  14  0:32  Drone x2  
  16  0:41  Drone  
  17  0:54  Hatchery  
  17  0:56  Drone  
  17  1:03  Drone  
  18  1:10  Extractor  
  17  1:19  Spawning Pool  
  17  1:21  Drone  
  17  1:25  Drone  
  18  1:29  Drone  
  19  1:42  Drone  
  20  1:54  Overlord  
  20  2:06  Queen  
  20  2:07  Queen  
  24  2:16  Drone x3  
  24  2:18  Drone  
  24  2:21  Metabolic Boost  
  28  2:25  Drone  
  28  2:28  Drone  
  30  2:39  Drone  
  30  2:40  Drone  
  30  2:43  Queen  
  34  2:51  Zergling x2  
  34  2:52  Zergling x2  
  34  2:58  Overlord  
  36  3:13  Overlord  
  36  3:20  Roach Warren  
  36  3:22  Zergling x4  
  36  3:23  Zergling x4  
  36  3:24  Drone x2  
  41  3:28  Overlord  
  41  3:46  Queen  
  43  3:53  Drone x3  
  43  3:54  Drone  
  43  3:55  Zergling x10  
  51  4:19  Lair  
  51  4:22  Hatchery, Pneumatized Carapace  
  51  4:24  Extractor  
  49  4:28  Extractor  
  48  4:32  Drone  
  48  4:33  Extractor, Drone x9  
  57  4:55  Drone x2  
  57  4:57  Overlord x2  
  59  5:11  Overlord x2  
  59  5:23  Nydus Network, Roach x6  
  70  5:37  Roach x6  
  82  5:58  Ravager x3  
  82  5:59  Ravager x2, Overlord  
  82  6:01  Drone x6  
  93  6:07  Queen x2  
  97  6:15  Nydus Canal  
  96  6:22  Roach x4  
  93  6:52  Zergling x2  
  93  6:53  Zergling x14  
  94  7:09  Zergling x4  
  94  7:10  Zergling x4  
  95  7:26  Queen  
  95  7:27  Queen x2  
  101  7:36  Extractor  
  100  7:37  Extractor  
  97  8:04  Spire  
  96  8:06  Drone x10  
  96  8:09  Extractor  
  96  8:11  Extractor  
  104  8:36  Drone x2  
  104  8:37  Overlord x2  
  104  8:38  Overlord x2  
  106  8:52  Overlord x2  
  106  8:58  Hatchery  
  106  9:01  Hatchery  
  104  9:14  Drone  
  104  9:15  Drone x2  
  104  9:16  Mutalisk x9  
  119  9:19  Mutalisk  
Show
View Real Time Build Order
Export as new Build Order

MUSTARDTIGER Terran 

Build Orders:  

Get SALT Encoding   

  12  0:00  SCV  
  13  0:13  SCV  
  14  0:20  Supply Depot  
  14  0:25  SCV  
  15  0:31  Refinery  
  15  0:44  Barracks  
  15  0:48  SCV  
  16  1:00  SCV, Refinery  
  17  1:12  SCV  
  18  1:24  SCV  
  19  1:33  Factory, Marine  
  19  2:00  SCV  
  20  2:08  Marine  
  21  2:12  Supply Depot  
  22  2:22  SCV  
  22  2:28  Marine  
  23  2:31  Factory Tech Lab  
  23  2:33  Barracks  
  23  2:49  Marine  
  24  2:59  Engineering Bay  
  24  3:00  Siege Tank  
  27  3:06  Marine  
  28  3:20  Barracks Tech Lab  
  28  3:24  Supply Depot  
  28  3:34  Siege Tank  
  28  3:40  Starport  
  31  3:46  Marine  
  32  3:53  Combat Shield  
  32  4:08  Siege Tank  
  35  4:14  Terran Infantry Weapons Level 1  
  35  4:22  Medivac  
  37  4:31  Supply Depot  
  37  4:44  Marine x2  
  39  4:59  Medivac  
  41  5:02  Marine  
  41  5:04  Orbital Command  
  42  5:39  Marine x2  
  42  5:40  Siege Tank  
  47  5:59  Supply Depot  
  47  6:20  Marine x2  
  47  6:21  SCV, Medivac  
  52  6:38  Marine  
  6  8:30  Orbital Command  
  6  8:53  Reaper  
Tags
 
Add a new tag
Caveats
  • Supply blocks, unpowered buildings, or Contaminate may cause inaccurate times.
  • Supply counts are checked every 10 seconds.